 Dungeon Sprint DCSS version 0.30.1-11-g7821555f0a (webtiles) character file.

Game seed: 477791692557655282

4 Groucho the Digger (level 1, -4/10 HPs)
             Began as a Deep Elf Earth Elementalist on Jan 17, 2024.
             Slain by a gnoll sergeant
             ... wielding a +2 spear of venom
              (14 damage)
             ... in the Dungeon (Sprint IX: "|||||||||||||||||||||||||||||").
             The game lasted 00:00:19 (363 turns).

Groucho the Digger (Deep Elf Earth Elementalist)     Turns: 363, Time: 00:00:20

Health: -4/10      AC:  2    Str:  5    XL:     1   Next: 50%
Magic:  6/7        EV: 12    Int: 19    God:
Gold:   0          SH:  0    Dex: 15    Spells: 6/7 levels left

rFire   . . .        (no weapon)
rCold   . . .        (no shield)
rNeg    . . .        a - +0 robe
rPois   .            (no helmet)
rElec   .            (no cloak)
rCorr   .            (no gloves)
SInv    .            (no boots)
Will    .....        (no amulet)
Stlth   ++           (no ring)
HPRegen 0.21/turn    (no ring)
MPRegen 0.10/turn

%: no teleportation
@: hasted, very quick
A: no striking features
a: no special abilities


You were in the Dungeon.
You visited 1 branch

Inventory:

Armour
 a - a +0 robe (worn)
Scrolls
 g - a scroll of blinking
Potions
 b - 3 potions of magic
 c - a potion of curing
 d - a potion of heal wounds
 f - a potion of berserk rage


   Skills:
 - Level 2.4 Dodging
 - Level 2.4 Stealth
 + Level 3.6 Spellcasting
 + Level 1.3 Conjurations
 - Level 1.1 Transmutations
 * Level 4.1 Earth Magic


You had 6 spell levels left.
You knew the following spells:

 Your Spells              Type           Power      Damage    Failure   Level
a - Sandblast             Erth           38%        2d10      2%          1

Your spell library contained the following spells:

 Spells                   Type           Power      Damage    Failure   Level
 Passwall                 Tmut/Erth      10%        N/A       8%          2
 Stone Arrow              Conj/Erth      26%        3d8       14%         3
 Petrify                  Tmut/Erth      13%        N/A       43%         4


Dungeon Overview and Level Annotations

Branches:
Dungeon (1/1)

Altars:


Message History

Your Earth Magic skill increases to level 4!
Unknown command.
Aiming: Sandblast (safe; 2% risk of failure)
Press: ? - help, Q - select action Shift-Dir - straight line, f - rat
Aim: a rat (82% to hit)
The blast of sand hits the rat!
You kill the rat!
Unknown command.
Unknown command.
There is an open door to the Dungeon here.
Aiming: Sandblast (safe; 2% risk of failure)
Press: ? - help, Q - select action Shift-Dir - straight line, f - rat
Aim: a rat (asleep, 100% to hit)
The blast of sand hits the rat!
You kill the rat!
Unknown command.
Unknown command.
You start resting.
Magic restored.
You start waiting.
You start waiting.
Done waiting.
You start waiting.
Done waiting.
You see here a rat skeleton.
You feel yourself speed up.
You open the door.
A gnoll sergeant, an adder, a white imp and 2 iguanas come into view.
The gnoll sergeant is wielding a +2 spear of venom.
The adder hisses angrily.
The white imp shouts, "Scamper home, thou prissy dismal-dreaming nothing!"
The iguana hisses angrily. x2
Aiming: Sandblast (safe; 2% risk of failure)
Press: ? - help, Q - select action Shift-Dir - straight line, f - gnoll sergeant
Aim: a gnoll sergeant, wielding a +2 spear of venom and wearing a +0 ring mail (wandering, hasn't noticed you, 87% to hit)
The blast of sand hits the gnoll sergeant but does no damage.
The gnoll sergeant shouts!
The gnoll sergeant hits you from afar with a +2 spear of venom!
Ouch! That really hurt!
You die...

▓.▓
▓.▓
▓.▓
▓'▓
▓.▓
▓.▓
▓.▓
▓.▓
▓@▓
▓'▓
▓g▓
▓S▓
▓l▓
▓5▓
▓l▓
▓+▓


You could see a gnoll sergeant, 2 iguanas, an adder and a white imp.

Vanquished Creatures
  An endoplasm (D)
  A frilled lizard (D)
  3 rats (D)
5 creatures vanquished.

Notes
Turn   | Place    | Note
-------+----------+-------------------------------------------
     0 | D        | Groucho the Deep Elf Earth Elementalist began the quest for
                  | the Orb.
     0 | D        | Reached XP level 1. HP: 10/10 MP: 6/6
     6 | D        | Reached skill level 1 in Conjurations
     7 | D        | Reached skill level 4 in Earth Magic
   362 | D        | Noticed a gnoll sergeant
   362 | D        | Noticed an iguana
   362 | D        | Noticed an iguana
   363 | D        | Slain by a gnoll sergeant

Illustrated notes

Levels and vault maps discovered:
D:        linesprint [early_d, line_temple, items_1, d_10, items_2, lair_1,
          lair_end, items_3, orc_1, orc_end, items_4, d_15, swamp_1, shoals_1,
          snake_1, spider_1, d_20, vaults_1, items_5, swamp_end, shoals_end,
          snake_end, spider_end, vaults_end, d_27, items_6, zot_1, zot_end,
          crypt_end, forest_end, elf_end, slime_end, tomb_end, abyss_end,
          pan_hell_end]

Skill      XL: |  1 |
---------------+----+-----
Conjurations   | 1 |  1.3
Earth Magic    | 4 |  4.1
Dodging        | |  2.4
Stealth        | |  2.4
Spellcasting   | |  3.6
Transmutations | |  1.1

Action                     || total
---------------------------++-------
   Cast: Sandblast         ||     6
    Use: Potion            ||     1
